 Dungeon Crawl Stone Soup version 0.31-a0-370-g25055926c8 (webtiles) character file.

Game seed: 17725661177173262463

56116 Impy the Metamorph (level 14, -11/123 HPs)
             Began as an Octopode Shapeshifter on July 29, 2023.
             Was an Initiate of Gozag.
             Mangled by a troll (12 damage)
             ... on level 1 of the Orcish Mines.
             The game lasted 00:47:10 (22880 turns).

Impy the Metamorph (Octopode Shapeshifter)         Turns: 22880, Time: 00:47:10

Health: -11/123    AC: 15    Str: 24    XL:     14   Next: 80%
Magic:  14/14      EV: 10    Int: 11    God:    Gozag
Gold:   2014       SH:  0    Dex: 19    Spells: 13/13 levels left

rFire   + .          .
                       - Unarmed
rCold   + . .        (shield currently unavailable)
rNeg    . . .        (helmet currently unavailable)
rPois   +            i - amulet of the acrobat
rElec   .            k - ring of resist corrosion
rCorr   +            N - ring of poison resistance
SInv    +            A - +6 ring of strength
Will    ++...        r - ring of see invisible
Stlth   ++           m - +4 ring of slaying
HPRegen 0.40/turn    H - +6 ring of dexterity
MPRegen 0.14/turn    L - ring of willpower
                     M - ring of Daubopn {Fly rF+ rC+ Str-5}

%: acrobat
@: snake-form, gold aura, flying, silenced
A: constrict, boosted hp, almost no armour, amphibious, 8 rings, large,
(camouflage 1), (gelatinous body 1), (nimble swimmer 1), (tentacles)
a: Begin Untransformation, Renounce Religion


You were on level 1 of the Orcish Mines.
You worshipped Gozag.
Gozag was most pleased with you.
You were an enormous anaconda.
You visited 4 branches of the dungeon, and saw 18 of its levels.
You also visited: Ossuary and Bailey.

You collected 4279 gold pieces.
You spent 2004 gold pieces at shops.
You paid 261 gold pieces to Gozag.

Inventory:

Missiles
 j - 7 throwing nets (quivered)
 B - 8 curare-tipped darts
Armour
 n - a +1 hat
Jewellery
 g - an amulet of faith
 i - an amulet of the acrobat (around neck)
 k - a ring of resist corrosion (left tentacle)
 l - a ring of magical power
 m - a +4 ring of slaying (on tentacle)
 r - a ring of see invisible (on tentacle)
 s - an amulet of magic regeneration
 y - a ring of positive energy
 A - a +6 ring of strength (on tentacle)
 H - a +6 ring of dexterity (on tentacle)
 L - a ring of willpower (on tentacle)
 M - the ring of Daubopn (on tentacle) {Fly rF+ rC+ Str-5}
   (You bought it in a shop on level 1 of the Orcish Mines)

   [ring of protection from cold]

   Str:       It affects your strength (-5).
   rF:        It protects you from fire.
   rC:        It protects you from cold.
   Fly:       It grants you flight.
 N - a ring of poison resistance (right tentacle)
Talismans
 b - a beast talisman
 x - a serpent talisman
 C - a blade talisman
Wands
 o - a wand of roots (17)
 u - a wand of charming (8)
 D - a wand of flame (15)
 I - a wand of light (2)
 J - a wand of digging (6)
Scrolls
 d - 9 scrolls of teleportation
 q - a scroll of fog
 v - a scroll of enchant armour
 w - 2 scrolls of revelation
 G - 6 scrolls of identify
Potions
 a - 7 potions of mutation
 c - 5 potions of magic
 e - 4 potions of attraction
 f - 9 potions of curing
 h - 5 potions of haste
 p - 2 potions of resistance
 t - 3 potions of might
 E - 3 potions of brilliance
 F - a potion of enlightenment
 O - a potion of berserk rage
Miscellaneous
 z - a condenser vane


   Skills:
 - Level 12.0 Fighting
 - Level 2.0 Dodging
 - Level 12.7 Unarmed Combat
 + Level 18.5 Shapeshifting


You had 13 spell levels left.
You didn't know any spells.
Your spell library contained the following spells:

 Spells                   Type           Power      Damage    Failure   Level
 Apportation              Tloc           0%         N/A       34%         1
 Magic Dart               Conj           0%         1d3       34%         1
 Necrotise                Necr           0%         1d4       34%         1
 Summon Small Mammal      Summ           0%         N/A       34%         1
 Call Imp                 Summ           0%         N/A       47%         2
 Cigotuvi's Dreadful Rot  Necr/Pois/Air  0%         N/A       47%         2
 Lesser Beckoning         Tloc           0%         N/A       47%         2
 Call Canine Familiar     Summ           0%         N/A       71%         3
 Gell's Gravitas          Tloc           0%         N/A       71%         3
 Ignite Poison            Fire/Tmut/Pois 0%         N/A       71%         3
 Mephitic Cloud           Conj/Pois/Air  0%         N/A       71%         3
 Summon Guardian Golem    Hex/Summ       0%         N/A       71%         3
 Teleport Other           Tloc           0%         N/A       71%         3
 Vampiric Draining        Necr           0%         2d6       71%         3
 Vhi's Electric Charge    Tloc/Air       0%         N/A       71%         3
 Volatile Blastmotes      Fire/Tloc      0%         2d10      71%         3
 Fulminant Prism          Conj/Hex       0%         3d5       98%         4
 Iskenderun's Mystic Bla  Conj/Tloc      0%         2d3       98%         4
 Summon Lightning Spire   Summ/Air       0%         N/A       98%         4
 Agony                    Necr           0%         N/A       100%        5
 Alistair's Intoxication  Tmut/Pois      0%         N/A       100%        5
 Arcjolt                  Conj/Air       0%         1d10      100%        5
 Freezing Cloud           Conj/Ice/Air   0%         6-21      100%        5
 Iskenderun's Battlesphe  Conj           0%         2d6       100%        5
 Lee's Rapid Deconstruct  Erth           0%         3d4*      100%        5
 Leda's Unmaking          Conj/Erth      0%         9d1       100%        6
 Spellforged Servitor     Conj/Summ      0%         N/A       100%        7
 Maxwell's Capacitive Co  Air            0%         ∞         100%        8
 Animate Armour           Summ/Erth      Unusable   N/A       N/A         4

Dungeon Overview and Level Annotations

Branches:
Dungeon (11/15)            Temple (1/1) D:6            Lair (5/5) D:11
  Swamp (0/4) Lair:3        Snake (0/4) Lair:2        Slime (0/5) Lair:5
    Orc (1/2) D:11        Ossuary (visited)          Bailey (visited)

Altars:
Ashenzari
Cheibriados
Dithmenos
Elyvilon
Fedhas
Gozag
Hepliaklqana
Kikubaaqudgha
Makhleb
Nemelex Xobeh
Okawaru
Qazlal
Ru
Sif Muna
Trog
Uskayaw
Vehumet
Wu Jian
Xom
Yredelemnul
Zin
The Shining One
Jiyva

Shops:
D:1 =   D:6 (   D:9 [(   D:11 :   Orc:1 (**

Annotations:
D:9 1 exclusion
D:10 exclusion: orange crystal statue
Orc:1 1 transporter, 1 runed translucent door


Innate Abilities, Weirdness & Mutations

You are an enormous anaconda.
You have a powerful constriction melee attack.
Your maximum health is increased.
Your armour is entirely melded.
You are incapable of wielding weapons or throwing items.
You cannot wear most types of armour.
You are amphibious.
You can wear up to eight rings at the same time.
((Your skin changes colour to match your surroundings (Stealth+).))
((Your rubbery body absorbs attacks. (AC +1, EV +1)))
((You are camouflaged when in or above water. (Stealth+)))
((You have tentacles for arms and can constrict up to eight enemies at once.))


Message History

The two-headed ogre hits you with a +0 giant spiked club!!
You body-slam the two-headed ogre!!
The two-headed ogre is severely wounded.
You constrict the two-headed ogre.
The two-headed ogre hits you with a +0 giant club!!
The two-headed ogre barely misses you.
The moth of wrath goads the troll on!
The troll goes berserk!
You completely miss the two-headed ogre.
The two-headed ogre is severely wounded.
You constrict the two-headed ogre.
The troll rages.
The two-headed ogre closely misses you.
The two-headed ogre hits you with a +0 giant spiked club!!!
* * * LOW HITPOINT WARNING * * *
Magic scrolls do not work when you're silenced!
Okay, then.
Okay, then.
You feel much better.
You constrict the two-headed ogre! The troll closely misses you.
The troll claws you!
* * * LOW HITPOINT WARNING * * *
The troll claws you but does no damage. The two-headed ogre closely misses you.
The two-headed ogre hits you with a +0 giant spiked club!!
* * * LOW HITPOINT WARNING * * *
You body-slam the two-headed ogre!!
You kill the two-headed ogre!
The troll bites you but does no damage. The troll claws you but does no damage.
The troll claws you.
* * * LOW HITPOINT WARNING * * *
The deep elf elementalist is distracted by your dazzling golden aura.
You feel much better.
The deep elf elementalist is no longer distracted by gold.
The troll bites you!!
* * * LOW HITPOINT WARNING * * *
The troll claws you.
* * * LOW HITPOINT WARNING * * *
The troll claws you!
* * * LOW HITPOINT WARNING * * *
The troll bites you!
You die...
Your body crumbles into a pile of gold. ....### ..### #e#...... .#.# #e#..⌠..$()..⌠ .### #e#....$$[!$. .# #e#...$$ _:$$

## y#..### +#
#
###..#y##W##
##
#§#.$#######
.####
#.TS.#...#...
..#.##
##...'.÷.+..
.....#
##..'.©.+..
.....###
##########
#......#
#y#####y#
###...##
###.©.###
#.#....#
#.......# #
#...####
#.......# #
.....#
#.......## ##


You could see a deep elf annihilator, a deep elf elementalist (repels missiles),
a deep elf demonologist, 3 moths of wrath, a deep elf pyromancer and a troll
(berserk).

Vanquished Creatures
  Snorg (Lair:4)
  A fire dragon (Lair:5)
  The ghost of Tinttamiau the Covert, a journeyman KoDe of Uskayaw (Lair:2)
  Harold (D:11)
  A catoblepas (Lair:1)
  4 hydras
  5 two-headed ogres
  Urug (D:11)
  4 skysharks
  2 orc knights
  A bog body (Lair:3)
  A lindwurm (Lair:5)
  2 ugly things (D:11)
  A salamander (Lair:2)
  A manticore (D:11)
  18 elephants
  3 black mambas
  5 torpor snails (Lair:5)
  9 cane toads
  5 komodo dragons
  A troll (D:10)
  8 hornets
  11 polar bears
  3 raiju (Lair:5)
  4 tyrant leeches (Lair:5)
  5 blink frogs (Lair:5)
  7 wyverns
  36 yaks
  4 fire bats (D:9)
  Menkaure (D:4)
  5 wargs
  Edmund (D:4)
  2 swamp worms (Lair:3)
  15 hell hounds
  A hydra simulacrum (Lair:2)
  12 water moccasins
  8 orc warriors
  13 black bears
  2 ice beasts (D:7)
  2 boulder beetle simulacra (Lair:2)
  A black mamba simulacrum (Lair:2)
  37 wolves
  2 ogres (Orc:1)
  10 centaurs
  3 kobold brigands
  6 bullfrogs
  3 gnoll sergeants
  3 scorpions
  10 wights
  10 killer bees
  2 electric eels
  A howler monkey (D:6)
  A jelly (D:6)
  3 lava snakes (Lair:2)
  A torpor snail simulacrum (Lair:2)
  A centaur zombie (Ossuary)
  2 human zombies (Ossuary)
  9 orc priests
  9 hounds
  Crazy Yiuf (D:2)
  3 sleepcaps
  An iguana (D:6)
  Ijyb (D:4)
  8 orc wizards
  3 mummies (Ossuary)
  25 gnolls
  9 adders
  A shadow imp (D:7)
  3 adder zombies (Ossuary)
  2 worms
  4 dart slugs
  52 orcs
  10 ball pythons
  2 endoplasms (D:3)
  8 giant cockroaches
  13 goblins
  7 hobgoblins
  2 jackals (D:1)
  7 quokkas
  2 bats (D:2)
  2 frilled lizards
  2 gnoll zombies (Ossuary)
  2 goblin zombies (Ossuary)
  2 hobgoblin zombies (Ossuary)
  3 jackal zombies (Ossuary)
  18 kobolds
  7 kobold zombies (Ossuary)
  An orc zombie (Ossuary)
  5 quokka zombies (Ossuary)
  4 rats (D:2)
  5 rat zombies
537 creatures vanquished.

Vanquished Creatures (others)
  A komodo dragon (D:11)
1 creature vanquished.

Grand Total: 538 creatures vanquished

Notes
Turn   | Place    | Note
-------+----------+-------------------------------------------
     0 | D:1      | Impy the Octopode Shapeshifter began the quest for the Orb.
     0 | D:1      | Reached XP level 1. HP: 13/13 MP: 1/1
    90 | D:1      | Reached XP level 2. HP: 14/18 MP: 2/2
   126 | D:1      | Found Tiv Cyje's Jewellery Shoppe.
   779 | D:2      | Reached XP level 3. HP: 23/23 MP: 3/3
   841 | D:2      | Found a runed translucent door.
   842 | D:2      | Noticed Crazy Yiuf
   848 | D:2      | Killed Crazy Yiuf
  1004 | D:2      | Reached XP level 4. HP: 28/28 MP: 4/4
  1215 | D:2      | Reached skill level 5 in Unarmed Combat
  1841 | D:3      | Reached XP level 5. HP: 33/33 MP: 5/5
  2340 | D:4      | Noticed an orc warrior
  2359 | D:4      | Killed an orc warrior
  2360 | D:4      | Reached XP level 6. HP: 38/38 MP: 6/6
  2502 | D:4      | Noticed Menkaure
  2506 | D:4      | Killed Menkaure
  2507 | D:4      | Reached XP level 7. HP: 43/43 MP: 7/7
  2632 | D:4      | Noticed Edmund
  2647 | D:4      | Killed Edmund
  2917 | D:4      | Noticed Ijyb
  2929 | D:4      | Killed Ijyb
  3236 | D:5      | Entered Level 5 of the Dungeon
  3430 | D:5      | Found a shimmering blue altar of Sif Muna.
  3432 | D:5      | Found a sparkling altar of Nemelex Xobeh.
  3434 | D:5      | Reached XP level 8. HP: 48/48 MP: 8/8
  3493 | D:5      | Found a sacrificial altar of Ru.
  3499 | D:5      | Identified the +6 long sword of Bijul {speed, Will+}
  3944 | D:6      | Found a staircase to the Ecumenical Temple.
  3953 | Temple   | Entered the Ecumenical Temple
  3973 | D:6      | Reached skill level 10 in Unarmed Combat
  4024 | D:6      | Found a sand-covered staircase.
  4031 | Ossuary  | Entered an ossuary
  4720 | D:6      | Found Jutwuy's Weapon Boutique.
  5100 | D:7      | Reached XP level 9. HP: 36/53 MP: 9/9
  5287 | D:7      | Found a flagged portal.
  5296 | Bailey   | Entered a bailey
  5540 | Bailey   | Noticed an orc knight
  5570 | Bailey   | Killed an orc knight
  5571 | Bailey   | Reached XP level 10. HP: 26/79 MP: 10/10
  6264 | D:7      | Identified the +4 long sword "Tifon" {venom, Int+4}
  7499 | D:8      | Noticed a two-headed ogre
  7527 | D:8      | Killed a two-headed ogre
  7528 | D:8      | Reached skill level 4 in Shapeshifting
  7528 | D:8      | Reached XP level 11. HP: 17/85 MP: 11/11
  8303 | D:9      | Reached skill level 5 in Shapeshifting
  8769 | D:9      | Reached skill level 6 in Shapeshifting
  9210 | D:9      | Found Jeim's Armour Shoppe.
  9777 | D:9      | Reached skill level 7 in Shapeshifting
 10027 | D:9      | Found Poocic's Antique Weapon Boutique.
 10039 | D:10     | Entered Level 10 of the Dungeon
 10207 | D:10     | Noticed a two-headed ogre
 10223 | D:10     | Killed a two-headed ogre
 10224 | D:10     | Reached skill level 8 in Shapeshifting
 10692 | D:10     | Found an opulent altar of Gozag.
 10703 | D:10     | Became a worshipper of Gozag Ym Sagoz the Greedy
 10721 | D:10     | Noticed an orange crystal statue
 11193 | D:11     | Noticed a two-headed ogre
 11207 | D:11     | Killed a two-headed ogre
 11208 | D:11     | Reached skill level 9 in Shapeshifting
 11208 | D:11     | Reached XP level 12. HP: 91/91 MP: 12/12
 11428 | D:11     | Noticed Harold
 11449 | D:11     | Killed Harold
 11744 | D:11     | Noticed Urug
 12047 | D:11     | Killed Urug
 12048 | D:11     | Reached skill level 10 in Shapeshifting
 12146 | D:11     | Found Ewyuss's Book Shop.
 12284 | D:11     | Found a staircase to the Lair.
 12512 | D:11     | Found a staircase to the Orcish Mines.
 12569 | Lair:1   | Entered Level 1 of the Lair of Beasts
 12579 | Lair:1   | Identified the +0 spear "Menwov" {venom, rC++ rCorr}
 13100 | Lair:1   | Reached skill level 11 in Shapeshifting
 13433 | Lair:1   | Noticed a catoblepas
 13543 | Lair:1   | HP: 5/109 [cane toad (17)]
 13797 | D:1      | Bought a +4 ring of slaying for 936 gold pieces
 13797 | D:1      | Bought a ring of see invisible for 180 gold pieces
 14207 | Lair:1   | Killed a catoblepas
 14386 | Lair:2   | Noticed a skyshark
 14400 | Lair:2   | Killed a skyshark
 14401 | Lair:2   | Reached skill level 12 in Shapeshifting
 14547 | Lair:2   | Noticed a seven-headed hydra
 14555 | Lair:2   | Killed a seven-headed hydra
 14556 | Lair:2   | Reached XP level 13. HP: 90/97 MP: 13/13
 14874 | Lair:2   | Found a dark tunnel.
 14913 | Lair:2   | Found a runed translucent gate.
 14913 | Lair:2   | Found a runed translucent gate.
 14914 | Lair:2   | Found a runed translucent gate.
 15162 | Lair:2   | Reached skill level 13 in Shapeshifting
 15488 | Lair:2   | Noticed Tinttamiau's ghost (journeyman KoDe)
 15523 | Lair:2   | Killed Tinttamiau's ghost
 15872 | Lair:2   | Found a staircase to the Snake Pit.
 16801 | Lair:3   | Reached skill level 14 in Shapeshifting
 16948 | Lair:3   | Found a staircase to the Swamp.
 17693 | Lair:4   | Reached skill level 15 in Shapeshifting
 18039 | Lair:4   | Noticed Snorg
 18045 | Lair:4   | Killed Snorg
 18837 | Lair:5   | Entered Level 5 of the Lair of Beasts
 18943 | Lair:5   | Reached skill level 16 in Shapeshifting
 18943 | Lair:5   | Reached XP level 14. HP: 66/103 MP: 14/14
 19227 | Lair:5   | Found a staircase to the Slime Pits.
 19273 | Lair:5   | Found a viscous altar of Jiyva.
 19744 | Lair:5   | Found a runed translucent door.
 19952 | Lair:5   | Reached skill level 17 in Shapeshifting
 20774 | Lair:5   | Reached skill level 18 in Shapeshifting
 21887 | D:1      | Bought a ring of willpower for 300 gold pieces
 22105 | Orc:1    | Entered Level 1 of the Orcish Mines
 22377 | Orc:1    | Found Xoazxege's Assorted Antiques.
 22444 | Orc:1    | Found Pysoo's Assorted Antiques.
 22447 | Orc:1    | Bought 2 potions of curing for 168 gold pieces
 22447 | Orc:1    | Bought a potion of heal wounds for 140 gold pieces
 22447 | Orc:1    | Bought a glittering amber ring for 140 gold pieces
 22447 | Orc:1    | Identified the ring of Daubopn {Fly rF+ rC+ Str-5} (You
                  | bought it in a shop on level 1 of the Orcish Mines)
 22447 | Orc:1    | Bought a runed opal ring for 140 gold pieces
 22755 | Orc:1    | Found Emott's Weapon Shoppe.
 22855 | Orc:1    | Found a transporter.
 22863 | Orc:1    | Found a transporter.
 22869 | Orc:1    | Found a runed translucent door.
 22869 | Orc:1    | Found a bloodstained altar of Trog.
 22869 | Orc:1    | Found the +8 Wrath of Trog {antimagic, *Rage Rampage}
 22871 | Orc:1    | Noticed a deep elf annihilator
 22872 | Orc:1    | Noticed a deep elf elementalist
 22873 | Orc:1    | Noticed a deep elf demonologist
 22879 | Orc:1    | HP: 2/123 [troll (5)]
 22880 | Orc:1    | Mangled by a troll

Illustrated notes

Levels and vault maps discovered:
D:1:      elethiomel_arrival_infinity_welcomes_careful_drivers,
          layout_loops_ring, serial_shops, nicolae_shop_tiny_glass,
          solitary_fountain
D:2:      kb_forest_paths, layout_rooms, uniq_crazy_yiuf_cottage
D:3:      layout_loops_cross
D:4:      layout_cave_pools, serial_park, serial_park_tiny_2,
          serial_park_square1 [serial_park_minivault_5x5_5], serial_park_tiny_1,
          guppyfry_early_orc_mine, uniq_edmund, uniq_menkaure, uniq_ijyb
D:5:      layout_gridville, amcnicky_altar_gilded, nicolae_overflow_squiral
D:6:      dreamdust_elfheim, layout_basic, minmay_temple_entry_mist,
          serial_shops, nicolae_stop_n_shop_2, enter_ossuary_4
D:7:      layout_loops_cross, enter_bailey_6, kennysheep_nondescript
D:8:      layout_loops_ring, hangedman_decor_diamond_cutter, minmay_diced_spiral
D:9:      layout_roguey, serial_shops, kennysheep_mini,
          nicolae_shop_back_alley_shop, hangedman_incinerator
D:10:     layout_loops_ring, grunt_gozag_breadcrumbs, minmay_statue_bubble
D:11:     layout_basic, david_lair_shrubbed, orc_0_dummy, serial_shops, shop,
          chequers_decorated_corner, uniq_urug, uniq_harold
Temple:   dpeg_five_rooms_temple
Lair:1:   beast_lair_carwin_large_4, layout_regular_city
Lair:2:   layout_roguey, nicolae_snake_entry_warm_welcome,
          gammafunk_ghost_necromancy, nicolae_volcano_entry_two_sided,
          infiniplex_staircase_pool
Lair:3:   layout_chaotic_city, nicolae_swamp_entry_splash_gauntlet
Lair:4:   beargit_carnivore_pack, layout_cave_pods, nicolae_lair_lil_pond,
          uniq_snorg
Lair:5:   wormcave, layout_cave_pods, hangedman_lair_caniforms_friends,
          slime_entry_1
Orc:1:    emtedronai_trogs_sanctum, layout_diamond_mine, serial_shops,
          nicolae_shop_hallway_plus, nicolae_shop_real_fake_doors,
          nicolae_shop_hallway_plus, nicolae_shop_back_alley_shop

Skill      XL: |  1  2  3  4  5  6  7  8  9 10 11 12 13 14 |
---------------+-------------------------------------------+-----
Unarmed Combat | 4 5 6 7 9 11 12 | 12.7
Fighting       | 11 12 | 12.0
Shapeshifting  | 4 9 12 16 18 | 18.5
Dodging        | |  2.0

Action                     |  1- 3 |  4- 6 |  7- 9 | 10-12 | 13-15 || total
---------------------------+-------+-------+-------+-------+-------++-------
  Melee: Unarmed           |    45 |    92 |   235 |   464 |   536 ||  1372
         Constrict         |    18 |    20 |    51 |    79 |   119 ||   287
         Tentacles         |    11 |    14 |    42 |    72 |       ||   139
         Punch             |     1 |     1 |    15 |    23 |       ||    40
  Throw: Dart              |       |       |       |     9 |       ||     9
  Evoke: Wand              |       |       |       |     3 |     5 ||     8
         Condenser vane    |       |       |       |       |     1 ||     1
    Use: Scroll            |     2 |     4 |    10 |     9 |     5 ||    30
         Potion            |       |     1 |     4 |    15 |     6 ||    26
   Stab: Sleeping          |     3 |    10 |    16 |     7 |     1 ||    37
         Distracted        |       |       |     2 |       |     7 ||     9
         Fleeing           |       |       |     1 |       |       ||     1
         Invisible         |       |       |       |     4 |       ||     4
 Armour: Skin              |     2 |    29 |    20 |    61 |   209 ||   321
  Dodge: Dodged            |    20 |    47 |   117 |   296 |   297 ||   777
   Form: Anaconda          |       |       |       |     1 |       ||     1

Table legend: (Time is in decaauts)
 A = Elapsed time spent in this place.
 B = Non-inter-level travel time spent in this place.
 C = Inter-level travel time spent in this place.
 D = Time resting spent in this place.
 E = Time spent auto-exploring this place.
 F = Levels seen in this place.
 G = Mean time per level.
                   A        B        C        D        E       F      G
               +--------+--------+--------+--------+--------+-----+--------+
         Total |  22536 |  21051 |   1485 |    128 |  17502 |  20 | 1126.8 |
       Dungeon |  12313 |  11035 |   1278 |    109 |   9204 |  11 | 1119.4 |
        Temple |      1 |      1 |      0 |      0 |      0 |   1 |    1.0 |
          Lair |   8498 |   8292 |    206 |     19 |   6911 |   5 | 1699.6 |
  Orcish Mines |    765 |    765 |      0 |      0 |    664 |   1 |  765.0 |
       Ossuary |    362 |    362 |      0 |      0 |    236 |   1 |  362.0 |
        Bailey |    595 |    595 |      0 |      0 |    487 |   1 |  595.0 |
               +--------+--------+--------+--------+--------+-----+--------+

Top non-repeatable levels by time:
  Lair:5: 2654 daAuts
  Lair:2: 1806 daAuts
     D:9: 1796 daAuts
    D:10: 1658 daAuts
     D:8: 1576 daAuts
  Lair:4: 1482 daAuts
     D:7: 1390 daAuts
  Lair:1: 1346 daAuts
  Lair:3: 1208 daAuts
    D:11: 1131 daAuts
     D:4: 926 daAuts
     D:3: 885 daAuts
     D:1: 856 daAuts
     D:2: 782 daAuts
   Orc:1: 765 daAuts
